Map: Eternal Empire LE

Players

ArT - Winner!

  • Race: Protoss Protoss
  • Spawn Location: 7:00

goblin

  • Race: Protoss Protoss
  • Spawn Location: 1:00

Event: IEM Katowice 2020

VOD

Have the link to the VOD?

Description

Time

  • Played on: Feb. 24, 2020, 10:30 a.m.
  • Length: 11:35

All games in this series

Show
View Real Time Build Order
Export as new Build Order

ArT Protoss - Winner!

Build Orders: Phoenix Opening 

Get SALT Encoding   

  12  0:00  Probe  
  13  0:12  Probe  
  14  0:17  Pylon  
  14  0:25  Probe (Chrono Boost)  
  15  0:37  Probe (Chrono Boost), Gateway  
  16  0:45  Probe (Chrono Boost)  
  16  0:46  Assimilator  
  17  0:51  Probe  
  17  0:55  Assimilator  
  18  1:03  Probe  
  19  1:08  Gateway  
  19  1:15  Probe  
  20  1:24  Cybernetics Core  
  20  1:27  Probe  
  21  1:34  Pylon  
  21  1:39  Probe  
  22  1:51  Probe  
  23  2:01  Adept x2  
  27  2:04  Stargate  
  27  2:08  Warp Gate (Chrono Boost)  
  27  2:13  Probe  
  28  2:19  Pylon  
  28  2:31  Stalker  
  30  2:37  Stalker  
  32  2:46  Phoenix (Chrono Boost)  
  34  2:57  Shield Battery  
  36  3:07  Phoenix (Chrono Boost), Zealot  
  38  3:14  Pylon  
  38  3:31  Phoenix  
  40  3:42  Gateway  
  40  3:51  Stalker x2  
  44  3:59  Phoenix  
  46  4:13  Pylon  
  44  4:28  Stalker  
  46  4:33  Stalker  
  46  4:35  Phoenix (Chrono Boost)  
  50  4:41  Zealot  
  52  4:50  Pylon  
  52  4:56  Stalker  
  54  5:12  Stalker x2  
  54  5:19  Stalker  
  48  5:37  Pylon  
  48  5:49  Probe, Robotics Facility  
  46  5:51  Sentry  
  48  6:11  Nexus  
  48  6:12  Stalker  
  48  6:17  Probe  
  51  6:28  Sentry  
  51  6:29  Probe  
  54  6:35  Pylon  
  54  6:36  Observer (Chrono Boost)  
  55  6:41  Probe  
  56  6:50  Immortal (Chrono Boost)  
  59  6:56  Shield Battery  
  59  7:00  Shield Battery  
  59  7:11  Probe  
  60  7:20  Adept x2  
  64  7:24  Probe x2 (Chrono Boost)  
  66  7:32  Twilight Council  
  66  7:33  Probe x2 (Chrono Boost)  
  68  7:38  Probe x2 (Chrono Boost)  
  70  7:50  Probe  
  71  7:52  Probe  
  71  7:55  Immortal  
  74  8:03  Blink (Chrono Boost)  
  74  8:05  Probe x2  
  74  8:11  Assimilator  
  74  8:15  Pylon  
  74  8:17  Probe  
  75  8:21  Stalker  
  75  8:23  Probe  
  75  8:26  Stalker  
  80  8:31  Assimilator  
  80  8:33  Stalker  
  82  8:40  Pylon  
  82  8:50  Warp Prism  
  82  8:53  Probe  
  85  8:57  Pylon  
  85  8:59  Stalker  
  87  9:06  Stalker  
  87  9:07  Stalker  
  91  9:14  Observer  
  91  9:15  Pylon  
  91  9:23  Stalker  
  93  9:32  Stalker  
  93  9:33  Stalker  
  93  9:34  Observer  
  98  9:51  Stalker  
  98  10:01  Nexus  
  98  10:02  Pylon  
  96  10:09  Stalker x2  
  100  10:25  Probe  
  101  10:29  Stalker  
  101  10:32  Stalker x2  
  107  10:38  Immortal (Chrono Boost)  
  111  10:48  Pylon  
  111  10:53  Stalker  
  111  11:01  Stalker x2  
  80  11:26  Stalker x3  
Show
View Real Time Build Order
Export as new Build Order

goblin Protoss 

Build Orders:  

Get SALT Encoding   

  12  0:00  Probe  
  13  0:12  Probe  
  14  0:18  Pylon  
  14  0:24  Probe (Chrono Boost)  
  15  0:36  Probe (Chrono Boost)  
  15  0:38  Gateway  
  16  0:45  Probe (Chrono Boost)  
  16  0:46  Assimilator  
  17  0:51  Probe  
  17  0:54  Assimilator  
  18  1:03  Probe (Chrono Boost)  
  19  1:10  Gateway  
  19  1:12  Probe (Chrono Boost)  
  19  1:17  Probe (Chrono Boost)  
  20  1:25  Cybernetics Core  
  21  1:29  Probe  
  22  1:38  Pylon  
  22  1:41  Probe  
  23  2:01  Robotics Facility  
  23  2:04  Stalker  
  23  2:07  Stalker  
  27  2:10  Warp Gate  
  27  2:17  Pylon  
  27  2:19  Probe  
  28  2:37  Stalker  
  28  2:38  Stalker  
  32  2:51  Immortal (Chrono Boost)  
  36  3:01  Pylon  
  36  3:20  Warp Prism (Chrono Boost)  
  38  3:34  Pylon  
  38  3:49  Immortal (Chrono Boost)  
  42  3:57  Sentry x2  
  42  4:22  Stalker x2  
  44  4:31  Gateway, Immortal (Chrono Boost)  
  44  4:43  Shield Battery  
  44  4:47  Pylon  
  44  4:57  Sentry x2  
  34  5:30  Stalker x3  
  38  5:49  Twilight Council  
  36  5:51  Gateway  
  36  5:55  Stalker  
  36  5:56  Stalker  
  40  6:00  Pylon  
  38  6:07  Stalker  
  40  6:30  Blink (Chrono Boost)  
  40  6:31  Zealot  
  42  6:43  Nexus  
  42  6:47  Probe  
  43  6:56  Pylon  
  43  6:59  Probe  
  44  7:11  Probe  
  45  7:21  Pylon  
  45  7:23  Probe (Chrono Boost)  
  45  7:28  Stalker x2  
  50  7:33  Probe (Chrono Boost)  
  51  7:38  Stalker  
  53  7:58  Probe (Chrono Boost), Stalker  
  55  8:04  Probe (Chrono Boost)  
  57  8:08  Probe (Chrono Boost)  
  57  8:12  Probe (Chrono Boost)  
  59  8:13  Probe (Chrono Boost), Sentry  
  59  8:15  Stalker x2  
  66  8:23  Probe, Pylon  
  66  8:26  Charge  
  67  8:41  Robotics Facility  
  67  8:43  Probe  
  67  8:44  Probe  
  67  8:46  Assimilator  
  69  9:01  Stalker  
  69  9:02  Stalker x2  
  75  9:07  Stalker  
  77  9:11  Pylon  
  77  9:13  Assimilator  
  77  9:14  Pylon  
  77  9:15  Probe  
  78  9:18  Probe  
  79  9:32  Observer  
  80  9:49  Stalker x3  
  80  9:50  Stalker  
  86  9:59  Gateway  
  86  10:00  Gateway  
  84  10:16  Stalker x4  
  92  10:24  Pylon  
  90  10:44  Stalker x3  
  90  10:45  Stalker  
  92  11:07  Stalker x4  
  92  11:08  Zealot  
  92  11:16  Stalker  
  53  11:31  Stalker  

Tags
 
Add a new tag
Caveats
  • Supply blocks, unpowered buildings, or Contaminate may cause inaccurate times.
  • Supply counts are checked every 10 seconds.